 Dungeon Crawl Stone Soup version 0.25-a0-413-g3b4b6a4ccc (webtiles) character file.

Game seed: 5811230236631272424, levelgen mode: deterministic

21142 Borgoz the Fighter (level 12, 0/80 HPs)
             Began as a Gargoyle Berserker on Jan 16, 2020.
             Was an Elder of Trog.
             Slain by a white ugly thing (35 damage)
             ... on level 12 of the Dungeon.
             The game lasted 00:24:11 (11003 turns).

Borgoz the Fighter (Gargoyle Berserker)            Turns: 11003, Time: 00:24:11

Health: 0/80       AC: 23    Str: 32    XL:     12   Next: 86%
Magic:  4/4        EV: 16    Int:  6    God:    Trog [****..]
Gold:   770        SH:  0    Dex: 13    Spells: 11/11 levels left

rFire    . . .     SeeInvis +   r - +9 quarterstaff of Discretion {antimagic, rElec Str+8 Int-2 Dex+2}
rCold    . . .     Gourm    .   (shield currently unavailable)
rNeg     + . .     Faith    .   J - +2 scale mail {MR+}
rPois    ∞         Spirit   .   A - +2 hat {MR+}
rElec    +         Reflect  .   I - +0 cloak
rCorr    .         Harm     .   (no gloves)
MR       ++++.                  (no boots)
Stlth    ..........             (no amulet)
HPRegen  1.23/turn              x - ring of see invisible
MPRegen  0.09/turn              (no ring)

@: regenerating
A: negative energy resistance 1, electricity resistance, unbreathing,
petrification resistance, rot immunity, AC +8
a: Berserk, Trog's Hand, Brothers in Arms, Renounce Religion


You were on level 12 of the Dungeon.
You worshipped Trog.
Trog was greatly pleased with you.
You were hungry.

You visited 1 branch of the dungeon, and saw 13 of its levels.
You also visited: Ossuary.

You collected 770 gold pieces.

Inventory:

Hand Weapons
 r - the +9 quarterstaff of Discretion (weapon) {antimagic, rElec Str+8 Int-2 Dex+2}
   (You found it on level 5 of the Dungeon)

   It reduces the magical energy of the wielder, and disrupts the spells and
   magical abilities of those hit.
   Natural abilities and divine invocations are not affected.
   It affects your strength (+8).
   It affects your intelligence (-2).
   It affects your dexterity (+2).
   It insulates you from electricity.
 H - a +2 great mace of crushing
Missiles
 G - 3 throwing nets (quivered)
Armour
 h - the +2 ring mail of the Hunter {rC+ rN+ Int+4 SInv}
   (You took it off a kobold on level 12 of the Dungeon)

   It affects your intelligence (+4).
   It protects you from cold.
   It protects you from negative energy.
   It lets you see invisible.
 o - the +3 warlock's mirror {reflect}
   (You found it on level 10 of the Dungeon)
 A - a +2 hat of magic resistance (worn)
 I - a +0 cloak (worn)
 J - a +2 scale mail of magic resistance (worn)
Jewellery
 n - an uncursed ring of ice
 x - a ring of see invisible (left hand)
Wands
 a - a wand of iceblast (26)
 C - a wand of paralysis (3)
 D - a wand of clouds (6)
 E - a wand of polymorph (17)
Scrolls
 b - 2 scrolls of magic mapping
 e - 9 scrolls of teleportation
 f - 13 scrolls of remove curse
 g - 2 scrolls of immolation
 p - 6 scrolls of fear {unknown}
 q - 4 scrolls of enchant weapon
 u - a scroll of identify
 w - 2 scrolls of blinking
 B - 3 scrolls of enchant armour {unknown}
Potions
 d - 3 potions of heal wounds
 i - 3 potions of flight
 j - 3 potions of resistance
 k - a potion of cancellation
 l - 8 potions of curing {unknown}
 m - a potion of agility
 s - 2 potions of might
 v - a potion of berserk rage
 z - 4 potions of haste
 F - 2 potions of invisibility
Comestibles
 c - 24 rations
 t - a chunk of flesh


   Skills:
 + Level 11.4 Fighting
 * Level 10.9(11.0) Maces & Flails
 - Level 0.8(7.0) Staves
 + Level 11.2 Armour
 * Level 9.2 Dodging
 + Level 3.0 Shields
 + Level 2.5 Evocations


You had 11 spell levels left.
You didn't know any spells.
Your spell library was empty.

Dungeon Overview and Level Annotations

Branches:
Dungeon (13/15)            Temple (0/1) D:4            Lair (0/6) D:9
Ossuary (visited)
    Orc: D:9-12      Vaults: D:13-14

Altars:
Dithmenos
Qazlal
Ru
Trog
Wu Jian
Xom

Shops:
D:5 (


Innate Abilities, Weirdness & Mutations

You are resistant to torment.
Your stone body is resilient. (AC +8)
You are immune to poison.
You resist negative energy. (rN+)
You are resistant to electric shocks. (rElec)
You can survive without breathing.
You are immune to petrification.
You are immune to rotting.


Message History

You sock the green ugly thing!
The green ugly thing is severely wounded.
You bludgeon the green ugly thing!!
You kill the green ugly thing!
Trog accepts your kill.
The white ugly thing closely misses you.
You barely miss the white ugly thing.
The white ugly thing is heavily wounded.
The white ugly thing kicks you but does no damage.
You closely miss the white ugly thing.
The white ugly thing is heavily wounded.
The brown ugly thing basks in the mutagenic energy from its kin and changes!
The white ugly thing kicks you but does no damage.
You closely miss the white ugly thing.
The white ugly thing is heavily wounded.
The white ugly thing kicks you but does no damage.
You sock the white ugly thing!
The white ugly thing is severely wounded.
The white ugly thing kicks you! The white ugly thing freezes you!!
You die...

.......###
#.....#..##
.#...#.# ..###
#.#^#.#.###..###
.)............8#
#.#.#.###.#....##
.##.##.#(..#....#
.##.##..###.#.uu##
#.....#.##.#.#.#@#
#..(..#.#.##..u#.#
.##(##...# #.#u##.
# #.#
#.....##u.#.# #. .
#.##.#.##. #.#.#.
#. #.#.# #..#
...#..# #. .}.
..###.#..... #.#
|.. .... ......8.#
#.# #}.}# #.#
....# #.##


You could see 2 ugly things.

Vanquished Creatures
  Gastronok (D:8)
  A deep elf annihilator (D:12)
  Josephine (D:12)
  2 two-headed ogres (D:12)
  Urug (D:11)
  Sonja (D:11)
  An unseen horror (D:12)
  3 ugly things (D:12)
  A manticore (D:12)
  A cyclops (D:12)
  Maurice (D:8)
  A hornet (D:9)
  Prince Ribbit (D:6)
  6 hippogriffs
  4 wraiths (D:12)
  Sigmund (D:3)
  A shadow (D:13)
  4 yaks (D:6)
  4 hungry ghosts
  Grum (D:8)
  2 vampire mosquitoes (D:12)
  A water moccasin (D:12)
  6 orc warriors
  5 sky beasts
  2 phantoms (D:3)
  2 ice beasts
  9 ogres
  2 wolves (D:8)
  4 centaurs
  2 big kobolds
  A crocodile (D:12)
  2 gnoll sergeants (D:8)
  6 bullfrogs
  3 scorpions
  6 killer bees
  2 water moccasin skeletons
  8 wights
  6 howler monkeys
  A quasit (D:9)
  9 jellies
  A bullfrog zombie (D:6)
  4 centaur zombies
  A gnoll shaman (D:8)
  6 orc priests
  16 hounds
  7 orc wizards
  A bullfrog skeleton (D:11)
  4 centaur skeletons
  3 iguanas
  14 worker ants
  3 ogre zombies (Ossuary)
  3 hound zombies
  7 mummies (Ossuary)
  Robin (D:4)
  An adder (shapeshifter) (D:12)
  14 gnolls (D:8)
  A howler monkey skeleton (D:9)
  16 adders
  2 shadow imps
  5 oozes (D:9)
  3 adder zombies
  2 worms (D:4)
  3 dart slugs
  2 leopard geckos
  23 orcs
  12 giant cockroaches
  16 goblins
  10 hobgoblins
  7 jackals
  7 quokkas
  A ball python (D:4)
  6 bats
  3 frilled lizards
  A gnoll zombie (Ossuary)
  3 goblin zombies (Ossuary)
  4 hobgoblin zombies (Ossuary)
  21 kobolds
  5 kobold zombies (Ossuary)
  A quokka skeleton (D:4)
  5 quokka zombies (Ossuary)
  4 rats
  5 rat zombies (Ossuary)
370 creatures vanquished.

Vanquished Creatures (collateral kills)
  Erolcha (D:11)
  Fannar (D:12)
  An orange crystal statue (D:9)
  A wraith (D:12)
  A crimson imp (D:12)
5 creatures vanquished.

Vanquished Creatures (others)
  A bullfrog (D:12)
1 creature vanquished.

Grand Total: 376 creatures vanquished

Notes
Turn   | Place    | Note
-------+----------+-------------------------------------------
     0 | D:1      | Borgoz the Gargoyle Berserker began the quest for the Orb.
     0 | D:1      | Reached XP level 1. HP: 14/14 MP: 1/1
   280 | D:1      | Reached XP level 2. HP: 19/19 MP: 2/2
   881 | D:2      | Reached XP level 3. HP: 22/23 MP: 3/3
  1220 | D:2      | Reached XP level 4. HP: 27/29 MP: 4/4
  1289 | D:2      | Reached ** piety under Trog
  1890 | D:3      | Noticed Sigmund
  2098 | D:3      | Killed Sigmund
  2098 | D:3      | Reached XP level 5. HP: 34/34 MP: 5/5
  2098 | D:3      | Reached XP level 6. HP: 39/39 MP: 6/6
  2177 | D:3      | Noticed a phantom
  2218 | D:3      | Killed a phantom
  2582 | D:3      | Noticed a phantom
  2666 | D:3      | Killed a phantom
  2666 | D:3      | Reached skill level 5 in Fighting
  2666 | D:3      | Reached XP level 7. HP: 33/44 MP: 7/7
  3087 | D:4      | Found a staircase to the Ecumenical Temple.
  3097 | D:4      | Noticed Robin
  3109 | D:4      | Reached *** piety under Trog
  3127 | D:4      | Killed Robin
  3127 | D:4      | Reached skill level 5 in Maces & Flails
  3316 | D:4      | Found a stormy altar of Qazlal.
  3539 | D:4      | Reached skill level 5 in Armour
  3748 | D:4      | Found a sacrificial altar of Ru.
  3750 | D:4      | Found a snail-covered altar of Cheibriados.
  3750 | D:4      | Found a bloodstained altar of Trog.
  3752 | D:4      | Found a stormy altar of Qazlal.
  3752 | D:4      | Found an ornate altar of the Wu Jian Council.
  3752 | D:4      | Found a shimmering altar of Xom.
  3857 | D:5      | Entered Level 5 of the Dungeon
  3865 | D:5      | Reached XP level 8. HP: 21/51 MP: 8/8
  4138 | D:5      | Got a warped quarterstaff
  4139 | D:5      | Identified the +9 quarterstaff of Discretion {antimagic,
                  | rElec Str+8 Int-2 Dex+2} (You found it on level 5 of the
                  | Dungeon)
  4331 | D:5      | Found Idepnush's Weapon Shoppe.
  4615 | D:6      | Noticed a yak
  4615 | D:6      | Noticed a yak
  4616 | D:6      | Noticed a yak
  4617 | D:6      | Noticed a yak
  4627 | D:6      | Killed a yak
  4630 | D:6      | Killed a yak
  4637 | D:6      | Killed a yak
  4641 | D:6      | Killed a yak
  4641 | D:6      | Reached XP level 9. HP: 42/56 MP: 3/9
  4908 | D:6      | Reached skill level 5 in Dodging
  4911 | D:6      | Reached **** piety under Trog
  4919 | D:6      | Noticed Prince Ribbit
  4925 | D:6      | Killed Prince Ribbit
  5181 | D:7      | Found a sand-covered staircase.
  5185 | Ossuary  | Entered an ossuary
  6043 | D:8      | Noticed Maurice
  6086 | D:8      | Killed Maurice
  6138 | D:8      | Reached ***** piety under Trog
  6138 | D:8      | Received a gift from Trog
  6142 | D:8      | Reached XP level 10. HP: 63/64 MP: 3/10
  6219 | D:8      | Noticed Grum
  6222 | D:8      | Noticed Gastronok
  6226 | D:8      | Killed Grum
  6246 | D:8      | Killed Gastronok
  7278 | D:9      | Reached XP level 11. HP: 64/71 MP: 3/11
  7428 | D:9      | Found a runed translucent door.
  7447 | D:9      | Found a runed translucent door.
  7460 | D:9      | Found a runed translucent door.
  7470 | D:9      | Found a runed translucent door.
  7572 | D:9      | Found a staircase to the Lair.
  7612 | D:9      | Received a gift from Trog
  7701 | D:9      | You fall into a shaft and drop 2 floors!
  7835 | D:11     | Noticed Urug
  7859 | D:11     | Killed Urug
  7859 | D:11     | Reached skill level 10 in Fighting
  8018 | D:11     | Noticed Sonja
  8083 | D:11     | You fall into a shaft and drop 2 floors!
  8144 | D:12     | Noticed Josephine
  8147 | D:12     | Reached skill level 10 in Armour
  8161 | D:12     | Killed Josephine
  8163 | D:12     | Noticed Fannar
  8464 | D:12     | Killed Fannar
  8464 | D:12     | Received a gift from Trog
  8580 | D:11     | Noticed Erolcha
  8584 | D:11     | Killed Erolcha
  8625 | D:11     | Killed Sonja
  8649 | D:10     | Entered Level 10 of the Dungeon
  9207 | D:9      | Noticed an orange crystal statue
  9281 | D:9      | Killed an orange crystal statue
  9281 | D:9      | Reached XP level 12. HP: 79/79 MP: 0/12
  9321 | D:9      | Reached skill level 10 in Maces & Flails
  9447 | D:10     | Found a shadowy altar of Dithmenos.
  9599 | D:10     | Found the +3 warlock's mirror {reflect}
 10525 | D:12     | Noticed a two-headed ogre
 10533 | D:12     | Killed a two-headed ogre
 10533 | D:12     | Reached skill level 1 in Shields
 10533 | D:12     | Reached skill level 1 in Evocations
 10637 | D:12     | Noticed a deep troll earth mage
 10639 | D:12     | Noticed a storm dragon
 10647 | D:12     | Noticed an ettin
 10657 | D:12     | Identified the +2 ring mail of the Hunter {rC+ rN+ Int+4
                  | SInv}
 10658 | D:12     | Noticed a deep elf annihilator
 10678 | D:12     | Killed a deep elf annihilator
 10686 | D:12     | Noticed a two-headed ogre
 10699 | D:12     | Killed a two-headed ogre
 11003 | D:12     | Slain by a white ugly thing

Levels and vault maps discovered:
D:1:      mrwooster_arrival_statue, layout_basic, minmay_misc_feat_nine_boxes,
          minmay_pentomino_w2
D:2:      layout_basic, first_ration, serial_corexii_hall,
          corexii_hall_statues_u, chequers_hall_statues_wall_a
D:3:      layout_rooms, minmay_starry_boxes, uniq_sigmund
D:4:      layout_cave_pods, lemuel_crystal_altar, minmay_temple_entry_glass,
          doesnt_xom_only_xom, uniq_robin
D:5:      layout_cave_pools, serial_shops,
          nicolae_shop_temple_entry_statues_fountains
D:6:      layout_rooms, chequers_serial_rivers_small_b, uniq_prince_ribbit1
D:7:      layout_loops_ring, enter_ossuary_5
D:8:      layout_cave_pools, serial_gnoll_camp, gnoll_camp_mini_sergeant,
          gnoll_camp_mini_doghouse, grums_kennel, gnoll_camp_medium_02,
          uniq_gastronok, uniq_grum, uniq_maurice
D:9:      layout_stronghold, lair_entry_dummy, hangedman_little_slice_of_home,
          minmay_statue_crystal_thing
D:10:     layout_stronghold, serial_glass, glass_columns_b, glass_columns_a,
          nicolae_dithmenos_shadow_blocks
D:11:     layout_basic, david_orc_4, uniq_sonja, uniq_urug, uniq_erolcha
D:12:     minmay_complete_graph, layout_basic, led_sif_book, uniq_josephine,
          uniq_fannar
D:13:     cheibrodos_shockbox, layout_long_grid, david_vaults_5, st_stairs_7,
          uniq_nessos

Skill      XL: |  1  2  3  4  5  6  7  8  9 10 11 12 |
---------------+-------------------------------------+-----
Dodging        | 2 3 4 6 7 8 9 |  9.2
Armour         | 3 4 5 6 7 9 10 11 | 11.2
Fighting       | 4 5 6 8 9 10 11 | 11.4
Maces & Flails | 4 5 6 7 8 9 10 | 10.9
Shields        | 3 |  3.0
Evocations     | 2 |  2.5
Staves         | |  0.8

Action                   |  1- 3 |  4- 6 |  7- 9 | 10-12 || total
-------------------------+-------+-------+-------+-------++-------
Melee: Mace              |   112 |   208 |    87 |       ||   407
       Flail             |       |       |    47 |       ||    47
       Quarterstaff      |       |       |   185 |   672 ||   857
       Unarmed           |       |       |     1 |       ||     1
Invok: Berserk           |       |     2 |     3 |     2 ||     7
       Trog's Hand       |       |     1 |     1 |     4 ||     6
       Brothers in Arms  |       |       |       |     4 ||     4
Evoke: Wand              |       |       |       |     3 ||     3
  Use: Scroll            |       |       |    17 |     7 ||    24
       Potion            |       |       |       |     2 ||     2
 Stab: Paralysed         |       |       |       |     2 ||     2
  Eat: Chunk             |     1 |     7 |    14 |    22 ||    44
       Ration            |       |       |     1 |     1 ||     2
Armor: Ring mail         |     5 |       |       |       ||     5
       Animal skin       |     1 |       |       |       ||     1
       Plate armour      |    85 |   200 |   254 |   187 ||   726
       Scale mail        |       |       |       |   295 ||   295
Dodge: Dodged            |    48 |   110 |   162 |   631 ||   951

Table legend:
 A = Non-vault XP
 B = Vault XP
 C = Vault XP percentage of total XP
 D = Non-vault monster count
 E = Vault monster count
 F = Vault count percentage of total count
                 A         B        C        D         E       F
            +---------+---------+-------+---------+---------+-------
      Total |   11839 |   18365 |  60.8 |     235 |     140 |  37.3
            +---------+---------+-------+---------+---------+-------
        D:1 |      19 |       2 |   9.5 |      10 |       1 |   9.1
        D:2 |     115 |       0 |   0.0 |      32 |       0 |   0.0
        D:3 |     340 |     356 |  51.1 |      22 |       7 |  24.1
        D:4 |     268 |      39 |  12.7 |      15 |      13 |  46.4
        D:5 |     470 |       0 |   0.0 |       8 |       0 |   0.0
        D:6 |     944 |     286 |  23.3 |       8 |       1 |  11.1
        D:7 |     474 |       0 |   0.0 |       8 |       0 |   0.0
        D:8 |    1268 |    3755 |  74.8 |      25 |      32 |  56.1
        D:9 |    2651 |     489 |  15.6 |      35 |       9 |  20.5
       D:10 |    2251 |       0 |   0.0 |      16 |       0 |   0.0
       D:11 |     893 |    2433 |  73.2 |      27 |      11 |  28.9
       D:12 |    1961 |   10680 |  84.5 |      24 |      29 |  54.7
       D:13 |     185 |       0 |   0.0 |       5 |       0 |   0.0
    Ossuary |       0 |     325 | 100.0 |       0 |      37 | 100.0
            +---------+---------+-------+---------+---------+-------
